| TOP OF THE 1ST |
|
Wisconsin Timber Rattlers batting - Pitching for Dayton Dragons : LHP Suk-jin Sok
|
|
Pitching: LHP Suk-jin Sok
|
|
|
Batting: RHB Hector Silva
|
0-0: Called Strike 0-1: Swinging Strike 0-2: Ball 1-2: Strikes out swinging
|
|
Batting: SHB Craig Wright
|
0-0: Ball 1-0: Swinging Strike 1-1: Reached on error, E5 (Groundball, 56, EV 95.0 MPH)
|
|
Batting: RHB Ben Taylor
|
0-0: Called Strike 0-1: Called Strike 0-2: Foul Ball, location: 2F 0-2: Foul Ball, location: 2F 0-2: Foul Ball, location: 2F 0-2: Ball 1-2: Strikes out swinging
|
|
Batting: RHB Chris Maul
|
0-0: Ball 1-0: SINGLE (Groundball, 25, EV 73.1 MPH) (infield hit) Craig Wright to third
|
|
Batting: RHB Chris Fruit
|
0-0: Called Strike 0-1: Ball 1-1: Ball 2-1: Ball 3-1: Foul Ball, location: 2F 3-2: Strikes out swinging
|
| Top of the 1st over - 0 runs, 1 hit, 1 error, 2 left on base; Wisconsin 0 - Dayton 0 |
| BOTTOM OF THE 1ST |
|
Dayton Dragons batting - Pitching for Wisconsin Timber Rattlers : RHP Jim Strickland
|
|
Pitching: RHP Jim Strickland
|
|
|
Batting: LHB Fernando Gomez
|
0-0: Ball 1-0: Foul Ball, location: 2F 1-1: Foul Ball, location: 2F 1-2: Strikes out looking
|
|
Batting: RHB Randy Grewe
|
0-0: Ball 1-0: Ball 2-0: Swinging Strike 2-1: Fly out, F7 (Flyball, 78M, EV 91.2 MPH)
|
|
Batting: RHB Mark Williams
|
0-0: Ball 1-0: Ball 2-0: Reached on error, E1 (Groundball, 34S, EV 65.6 MPH)
|
|
Batting: LHB Keith Egan
|
0-0: Ball 1-0: Fielders Choice at 2nd, 5-4 (Groundball, 56, EV 103.8 MPH)
|
| Bottom of the 1st over - 0 runs, 0 hits, 1 error, 1 left on base; Wisconsin 0 - Dayton 0 |
| TOP OF THE 2ND |
|
Wisconsin Timber Rattlers batting - Pitching for Dayton Dragons : LHP Suk-jin Sok
|
|
Batting: LHB Umar Matoub
|
0-0: Called Strike 0-1: Called Strike 0-2: Foul Ball, location: 2F 0-2: Ground out 6-3 (Groundball, 6M, EV 84.4 MPH)
|
|
Batting: LHB Rick Campbell
|
0-0: Called Strike 0-1: Fly out, F9 (Flyball, 9S, EV 83.1 MPH)
|
|
Batting: LHB Paul Collins
|
0-0: Ball 1-0: Fly out, F5 (Popup, 5F, EV 79.4 MPH)
|
| Top of the 2nd over - 0 runs, 0 hits, 0 errors, 0 left on base; Wisconsin 0 - Dayton 0 |
| BOTTOM OF THE 2ND |
|
Dayton Dragons batting - Pitching for Wisconsin Timber Rattlers : RHP Jim Strickland
|
|
Batting: SHB Tim Utz
|
0-0: Ball 1-0: Ground out 4-3 (Groundball, 4S, EV 83.8 MPH)
|
|
Batting: RHB Frank Moron
|
0-0: Ball 1-0: Foul Ball, location: 2F 1-1: Ball 2-1: Ground out 6-3 (Groundball, 6M, EV 103.8 MPH)
|
|
Batting: RHB Juan Zamora
|
0-0: Ground out 6-3 (Groundball, 6, EV 80.0 MPH)
|
| Bottom of the 2nd over - 0 runs, 0 hits, 0 errors, 0 left on base; Wisconsin 0 - Dayton 0 |
| TOP OF THE 3RD |
|
Wisconsin Timber Rattlers batting - Pitching for Dayton Dragons : LHP Suk-jin Sok
|
|
Batting: SHB Ramon Perez
|
0-0: Ball 1-0: Called Strike 1-1: Ball 2-1: Ground out 6-3 (Groundball, 6, EV 102.5 MPH)
|
|
Batting: RHB Hector Silva
|
0-0: Fly out, F9 (Flyball, 89S, EV 87.5 MPH)
|
|
Batting: SHB Craig Wright
|
0-0: Called Strike 0-1: Fly out, F7 (Flyball, 78XD, EV 104.4 MPH)
|
| Top of the 3rd over - 0 runs, 0 hits, 0 errors, 0 left on base; Wisconsin 0 - Dayton 0 |
| BOTTOM OF THE 3RD |
|
Dayton Dragons batting - Pitching for Wisconsin Timber Rattlers : RHP Jim Strickland
|
|
Batting: RHB Kevin Larner
|
0-0: Ground out 6-3 (Groundball, 6, EV 78.8 MPH)
|
|
Batting: RHB Yasusaburo Kuwahara
|
0-0: Foul Ball, location: 2F 0-1: Called Strike 0-2: Ball 1-2: Ball 2-2: Ground out 5-3 (Groundball, 56, EV 90.0 MPH)
|
|
Batting: LHB Fernando Gomez
|
0-0: Ball 1-0: Ball 2-0: Foul Ball, location: 2F 2-1: Foul Ball, location: 2F 2-2: SINGLE (Groundball, 25, EV 76.9 MPH) (infield hit)
|
|
Batting: RHB Randy Grewe
|
0-0: Swinging Strike Fernando Gomez steals 2nd base 0-1: Ball 1-1: Ball Wild Pitch! Fernando Gomez to third 2-1: Ball 3-1: Ground out 6-3 (Groundball, 6, EV 84.4 MPH)
|
| Bottom of the 3rd over - 0 runs, 1 hit, 0 errors, 1 left on base; Wisconsin 0 - Dayton 0 |
| TOP OF THE 4TH |
|
Wisconsin Timber Rattlers batting - Pitching for Dayton Dragons : LHP Suk-jin Sok
|
|
Batting: RHB Ben Taylor
|
0-0: Ball 1-0: Foul Ball, location: 2F 1-1: Foul Ball, location: 2F 1-2: Foul Ball, location: 2F 1-2: Ball 2-2: Ball 3-2: Ground out 3-1 (Groundball, 34, EV 83.8 MPH)
|
|
Batting: RHB Chris Maul
|
0-0: Called Strike 0-1: Ball 1-1: Ball 2-1: Foul Ball, location: 2F 2-2: Foul Ball, location: 2F 2-2: Foul Ball, location: 2F 2-2: Fly out, F8 (Line Drive, 8RD, EV 98.1 MPH)
|
|
Batting: RHB Chris Fruit
|
0-0: Ball 1-0: Single, Error in OF, E7, batter to second base (Line Drive, 78S, EV 106.2 MPH)
|
|
Batting: LHB Umar Matoub
|
0-0: Ball 1-0: Ground out 4-3 (Groundball, 4S, EV 88.1 MPH)
|
| Top of the 4th over - 0 runs, 1 hit, 1 error, 1 left on base; Wisconsin 0 - Dayton 0 |
| BOTTOM OF THE 4TH |
|
Dayton Dragons batting - Pitching for Wisconsin Timber Rattlers : RHP Jim Strickland
|
|
Batting: RHB Mark Williams
|
0-0: Ball 1-0: DOUBLE (Line Drive, 3D, EV 94.4 MPH)
|
|
Batting: LHB Keith Egan
|
0-0: Ball 1-0: Ground out 4-3 (Groundball, 4S, EV 81.2 MPH) Mark Williams to third
|
|
Batting: SHB Tim Utz
|
0-0: Called Strike 0-1: Ball 1-1: Swinging Strike 1-2: Ball 2-2: Strikes out swinging
|
|
Batting: RHB Frank Moron
|
0-0: Ground out 6-3 (Groundball, 6, EV 82.5 MPH)
|
| Bottom of the 4th over - 0 runs, 1 hit, 0 errors, 1 left on base; Wisconsin 0 - Dayton 0 |
| TOP OF THE 5TH |
|
Wisconsin Timber Rattlers batting - Pitching for Dayton Dragons : LHP Suk-jin Sok
|
|
Batting: LHB Rick Campbell
|
0-0: Ball 1-0: Called Strike 1-1: Ball 2-1: Ball 3-1: Base on Balls
|
|
Batting: LHB Paul Collins
|
0-0: Called Strike 0-1: Called Strike 0-2: Ball 1-2: Ball 2-2: Foul Ball, location: 2F 2-2: Foul Ball, location: 2F 2-2: Foul Ball, location: 2F 2-2: Fielders Choice at 2nd, 6-4 (Groundball, 56, EV 82.5 MPH)
|
|
Batting: SHB Ramon Perez
|
0-0: Called Strike 0-1: Ball 1-1: Foul Ball, location: 2F 1-2: Foul Ball, location: 2F 1-2: Ball 2-2: Foul Ball, location: 2F 2-2: Ball 3-2: Strikes out looking
|
|
Batting: RHB Hector Silva
|
0-0: Called Strike Paul Collins steals 2nd base 0-1: Swinging Strike 0-2: Strikes out swinging
|
| Top of the 5th over - 0 runs, 0 hits, 0 errors, 1 left on base; Wisconsin 0 - Dayton 0 |
| BOTTOM OF THE 5TH |
|
Dayton Dragons batting - Pitching for Wisconsin Timber Rattlers : RHP Jim Strickland
|
|
Batting: RHB Juan Zamora
|
0-0: Ball 1-0: Foul Ball, location: 2F 1-1: Ball 2-1: Ground out 6-3 (Groundball, 6, EV 100.6 MPH)
|
|
Batting: RHB Kevin Larner
|
0-0: Ball 1-0: Ball 2-0: Fly out, F2 (Popup, 2LF, EV 87.5 MPH)
|
|
Batting: RHB Yasusaburo Kuwahara
|
0-0: DOUBLE (Line Drive, 89D, EV 101.2 MPH)
|
|
Batting: LHB Fernando Gomez
|
0-0: Ball 1-0: Ball 2-0: Ball 3-0: Called Strike 3-1: DOUBLE (Flyball, 78D, EV 86.2 MPH) Yasusaburo Kuwahara scores
|
|
Batting: RHB Randy Grewe
|
0-0: Ball 1-0: Foul Ball, location: 2F 1-1: Ball 2-1: Ball 3-1: Ground out 5-3 (Groundball, 56S, EV 86.2 MPH)
|
| Bottom of the 5th over - 1 run, 2 hits, 0 errors, 1 left on base; Wisconsin 0 - Dayton 1 |
| TOP OF THE 6TH |
|
Wisconsin Timber Rattlers batting - Pitching for Dayton Dragons : LHP Suk-jin Sok
|
|
Batting: SHB Craig Wright
|
0-0: Ball 1-0: Ball 2-0: Called Strike 2-1: Ball 3-1: Base on Balls
|
|
Batting: RHB Ben Taylor
|
0-0: Fielders Choice at 2nd, 6-4 (Groundball, 6, EV 77.5 MPH)
|
|
Batting: RHB Chris Maul
|
0-0: Fly out, F8 (Flyball, 8LM, EV 86.9 MPH)
|
|
Batting: RHB Chris Fruit
|
0-0: Swinging Strike 0-1: Swinging Strike 0-2: Ball 1-2: Strikes out swinging
|
| Top of the 6th over - 0 runs, 0 hits, 0 errors, 1 left on base; Wisconsin 0 - Dayton 1 |
| BOTTOM OF THE 6TH |
|
Dayton Dragons batting - Pitching for Wisconsin Timber Rattlers : RHP Jim Strickland
|
|
Batting: RHB Mark Williams
|
0-0: Ball 1-0: Reached on error, E6 (Groundball, 56D, EV 89.4 MPH)
|
|
Batting: LHB Keith Egan
|
0-0: Foul Ball, location: 2F 0-1: SINGLE (Groundball, 4MS, EV 63.1 MPH) (infield hit) Mark Williams to second
|
|
Batting: SHB Tim Utz
|
0-0: Ball 1-0: Called Strike 1-1: SINGLE (Flyball, 5D, EV 96.2 MPH) Mark Williams to third Keith Egan to second
|
|
Batting: RHB Frank Moron
|
0-0: Fly out, F7 (Flyball, 7, EV 91.9 MPH) Runner from 3rd tags up, SCORES, throw by LF
|
|
Batting: RHB Juan Zamora
|
0-0: Ball 1-0: Called Strike 1-1: SINGLE (Line Drive, 9S, EV 85.0 MPH) Keith Egan to third Tim Utz to second Runner from 3rd tries for Home, SAFE, throw by RF to home
|
|
Batting: RHB Kevin Larner
|
0-0: Called Strike 0-1: Called Strike 0-2: Ball 1-2: Foul Ball, location: 2F 1-2: Strikes out swinging
|
|
Batting: RHB Yasusaburo Kuwahara
|
0-0: Foul Ball, location: 2F 0-1: Ball 1-1: Ball 2-1: Ground out 4-3 (Groundball, 4, EV 79.4 MPH)
|
| Bottom of the 6th over - 2 runs, 3 hits, 1 error, 2 left on base; Wisconsin 0 - Dayton 3 |
| TOP OF THE 7TH |
|
Wisconsin Timber Rattlers batting - Pitching for Dayton Dragons : LHP Suk-jin Sok
|
|
Batting: LHB Umar Matoub
|
0-0: Ball 1-0: Ball 2-0: Called Strike 2-1: Called Strike 2-2: Hit by Pitch
|
|
Batting: LHB Rick Campbell
|
0-0: Called Strike 0-1: Called Strike 0-2: Fielders Choice at 2nd, 1-4 (Groundball, 25, EV 66.2 MPH)
|
|
Batting: LHB Paul Collins
|
0-0: Ball 1-0: Foul Ball, location: 2F 1-1: Fly out, F8 (Flyball, 8RD, EV 86.9 MPH)
|
|
Batting: SHB Ramon Perez
|
0-0: Ball 1-0: Ball Rick Campbell steals 2nd base 2-0: Called Strike 2-1: Foul Ball, location: 2F 2-2: Strikes out swinging
|
| Top of the 7th over - 0 runs, 0 hits, 0 errors, 1 left on base; Wisconsin 0 - Dayton 3 |
| BOTTOM OF THE 7TH |
|
Dayton Dragons batting - Pitching for Wisconsin Timber Rattlers : RHP Jim Strickland
|
|
Pitching: RHP Ernie Borden
|
|
|
Batting: LHB Fernando Gomez
|
0-0: Foul Ball, location: 2F 0-1: Ball 1-1: Fly out, F4 (Line Drive, 4M, EV 68.1 MPH)
|
|
Batting: RHB Randy Grewe
|
0-0: Called Strike 0-1: Fly out, F8 (Flyball, 8LM, EV 93.1 MPH)
|
|
Batting: RHB Mark Williams
|
0-0: Ball 1-0: TRIPLE (Flyball, 89XD, EV 103.8 MPH)
|
|
Batting: LHB Keith Egan
|
0-0: Ball 1-0: Called Strike 1-1: Called Strike 1-2: Ground out 4-3 (Groundball, 34, EV 91.9 MPH)
|
| Bottom of the 7th over - 0 runs, 1 hit, 0 errors, 1 left on base; Wisconsin 0 - Dayton 3 |
| TOP OF THE 8TH |
|
Wisconsin Timber Rattlers batting - Pitching for Dayton Dragons : LHP Suk-jin Sok
|
|
Pitching: RHP Juan Hernandez
|
|
|
Now at 2B: Yasusaburo Kuwahara
|
|
|
Now at SS: Juan Zamora
|
|
|
Now in CF: Danny Real
|
|
|
Batting: RHB Hector Silva
|
0-0: SINGLE (Groundball, P, EV 84.4 MPH) (infield hit)
|
|
Batting: SHB Craig Wright
|
0-0: Ground out 1-3 (Groundball, 15, EV 69.4 MPH) Hector Silva to second
|
|
Batting: RHB Ben Taylor
|
0-0: Ball 1-0: Ground out 6-3 (Groundball, 56D, EV 103.8 MPH)
|
|
Batting: RHB Chris Maul
|
0-0: Ball 1-0: Foul Ball, location: 2F 1-1: Ball 2-1: Fly out, F8 (Flyball, 8LM, EV 79.4 MPH)
|
| Top of the 8th over - 0 runs, 1 hit, 0 errors, 1 left on base; Wisconsin 0 - Dayton 3 |
| BOTTOM OF THE 8TH |
|
Dayton Dragons batting - Pitching for Wisconsin Timber Rattlers : RHP Ernie Borden
|
|
Batting: SHB Tim Utz
|
0-0: Called Strike 0-1: Foul Ball, location: 2F 0-2: Strikes out looking
|
|
Batting: RHB Frank Moron
|
0-0: Called Strike 0-1: Foul Ball, location: 2F 0-2: Ball 1-2: Reached on error, E7 (Flyball, 78M, EV 88.8 MPH)
|
|
Batting: RHB Juan Zamora
|
0-0: Ball 1-0: Ball 2-0: Ball 3-0: Base on Balls Frank Moron to second
|
|
Batting: RHB Kevin Larner
|
0-0: Ball 1-0: Called Strike 1-1: DOUBLE (Flyball, 89XD, EV 106.2 MPH) Frank Moron scores Juan Zamora to third Runner from 3rd tries for Home, SAFE, throw by CF to home
|
|
Batting: RHB Yasusaburo Kuwahara
|
0-0: Ground out 6-3 (Groundball, 6, EV 82.5 MPH)
|
|
Batting: RHB Danny Real
|
0-0: Called Strike 0-1: Swinging Strike 0-2: Strikes out swinging
|
| Bottom of the 8th over - 2 runs, 1 hit, 1 error, 1 left on base; Wisconsin 0 - Dayton 5 |
| TOP OF THE 9TH |
|
Wisconsin Timber Rattlers batting - Pitching for Dayton Dragons : RHP Juan Hernandez
|
|
Batting: RHB Chris Fruit
|
0-0: Swinging Strike 0-1: Swinging Strike 0-2: Ball 1-2: Foul Ball, location: 2F 1-2: Strikes out looking
|
|
Batting: LHB Umar Matoub
|
0-0: Ball 1-0: Ball 2-0: Foul Ball, location: 2F 2-1: Swinging Strike 2-2: Foul Ball, location: 2F 2-2: Strikes out swinging
|
|
Batting: LHB Rick Campbell
|
0-0: Called Strike 0-1: Foul Ball, location: 2F 0-2: Strikes out looking
|
| Top of the 9th over - 0 runs, 0 hits, 0 errors, 0 left on base; Wisconsin 0 - Dayton 5 |
|